Senateurs vs Avalanche (R1)

Created - 5 avril 2016 at 21:20

Goals
1 2 3 OT1 T
Senateurs 2 0 2 1 5
Avalanche 2 0 2 0 4
Shots
1 2 3 OT1 T
Senateurs 12 5 13 3 33
Avalanche 10 7 15 0 32

1st period

1. Senateurs , Andrew Ebbett 10 (Vitaly Vishnevsky, Kurtis Foster) at 6:15
2. Avalanche , Jason Pominville 19 (Mikkel Boedker, Marc Staal) at 9:51
3. Senateurs , Gilbert Brule 29 (Jean-Pierre Dumont) at 12:45
4. Avalanche , Brandon Yip 13 (Ryan Smyth, Mike Comrie) at 15:12

Penalties :
Andy Hilbert (Ott) for Roughing (Minor) at 1:53, Michal Grosek (Ott) for Hooking (Minor) at 19:39

2nd period

No Goal

Penalties :
Andy McDonald (Ott) for Holding (Minor) at 2:19, Corey Perry (Col) for Interference (Minor) at 5:07, Darcy Hordichuk (Ott) for Hooking (Minor) at 10:41, Vladimir Mihalik (Ott) for Holding (Minor) at 13:14, Vitaly Vishnevsky (Ott) for Interference (Minor) at 13:57, Pernell Karl Subban (Col) for Holding (Minor) at 16:19, Bryan Little (Col) for Tripping (Minor) at 18:48

3rd period

5. Avalanche , Shane O'Brien 4 (Pernell Karl Subban, Mikkel Boedker) at 8:16
6. Senateurs , Ales Kotalik 6 (Olli Jokinen) at 9:10
7. Senateurs , Andy Hilbert 16 (Kurtis Foster) at 9:36
8. Avalanche , Andrew Ladd 16 (Jack Johnson, Chuck Kobasew) at 11:22

Penalties :
Gilbert Brule (Ott) for Interference (Minor) at 1:43, Ryan Smyth (Col) for Fighting (Major) at 5:26, Michal Grosek (Ott) for Fighting (Major) at 5:26, Mikkel Boedker (Col) for Hooking (Minor) at 5:47

Overtime #1

9. Senateurs , Darcy Hordichuk 22 (Gilbert Brule) at 0:34

Penalties :
No Penalty

Goalie Stats

Marty Turco (Ott), 28 saves from 32 shots - (0,875), W, 7-8-2, 60:34 minutes
Jimmy Howard (Col), 28 saves from 33 shots - (0,848), OTL, 19-22-6, 60:34 minutes

Players Stats for Senateurs

Player Name              G  A  P  +/- PIM S  H  SB GA TA FO     MP     PP MP  PK MP  
------------------------------------------------------------------------------------
Ales Kotalik             1  0  1   0  0   4  1  0  1  0  0/0     9:06   0:00   0:00 
Andrew Ebbett            1  0  1   0  0   2  1  0  0  0  2/4     6:18   0:00   0:52 
Andy Hilbert             1  0  1   1  2   1  0  0  0  2  1/3    12:09   0:03   1:35 
Andy McDonald            0  0  0   0  2   1  1  0  1  1  1/1    12:19   3:26   0:50 
B.J. Crombeen            0  0  0   0  0   0  1  2  0  0  0/0    10:31   0:10   0:00 
Carlo Colaiacovo         0  0  0   2  0   0  1  1  2  1  0/0    20:58   3:16   5:02 
Dan Girardi              0  0  0   2  0   2  0  0  0  0  0/0    19:59   3:16   4:23 
Darcy Hordichuk          1  0  1   1  2   4  2  1  0  1  2/4    23:02   4:27   5:34 
Daymond Langkow          0  0  0   0  0   0  1  0  0  0  3/14   17:25   3:26   2:23 
Gilbert Brule            1  1  2   1  2   5  4  0  0  1  13/32  23:42   4:23   6:04 
Jean-Pierre Dumont       0  1  1   0  0   3  3  0  0  0  0/1    19:47   4:27   3:10 
Kurtis Foster            0  2  2   0  0   3  3  2  0  0  0/0    30:33   4:40   7:56 
Michal Grosek            0  0  0  -1  7   2  1  1  0  0  0/0     8:49   0:00   0:00 
Olli Jokinen             0  1  1   0  0   3  0  0  0  0  2/5     9:21   0:00   0:19 
Richard Lintner          0  0  0  -1  0   0  1  0  0  1  0/0    10:46   0:00   1:02 
Todd Bertuzzi            0  0  0   0  0   0  1  2  0  0  0/0    14:36   3:26   3:10 
Vitaly Vishnevsky        0  1  1   0  2   3  1  1  1  1  0/0    29:30   4:40   6:50 
Vladimir Mihalik         0  0  0  -1  2   0  1  2  0  0  0/0     9:24   0:00   0:01 

Players Stats for Avalanche

Player Name              G  A  P  +/- PIM S  H  SB GA TA FO     MP     PP MP  PK MP  
------------------------------------------------------------------------------------
Andrei Kostitsyn         0  0  0  -1  0   3  1  0  3  1  4/4    19:14   6:49   1:16 
Andrew Ladd              1  0  1   1  0   2  2  0  0  0  1/1     9:13   0:00   2:00 
Brandon Yip              1  0  1   0  0   1  2  1  0  0  0/0     9:18   0:00   0:00 
Bryan Little             0  0  0   0  2   2  1  0  0  0  6/10   18:40   5:48   0:40 
Chuck Kobasew            0  1  1   0  0   3  1  1  0  1  1/1    11:35   0:00   4:39 
Corey Perry              0  0  0  -2  2   3  1  1  1  0  0/3    18:23   6:49   0:00 
Jack Johnson             0  1  1  -1  0   2  4  2  0  0  0/0    26:34   7:01   4:43 
Jason Pominville         1  0  1  -1  0   4  1  1  1  0  1/2    18:17   5:48   0:00 
Marc Staal               0  1  1  -1  0   3  0  0  2  0  0/0    25:53   5:36   4:46 
Michal Handzus           0  0  0   1  0   0  1  0  0  0  2/3    10:18   0:00   2:38 
Mike Comrie              0  1  1   0  0   1  0  0  0  1  7/12   13:25   0:00   4:39 
Mikkel Boedker           0  2  2   1  2   2  2  0  0  0  1/1    18:14   5:48   0:00 
Pernell Karl Subban      0  1  1  -1  2   1  2  1  0  1  0/0    21:22   5:36   2:30 
Ryan Getzlaf             0  0  0  -2  0   1  1  0  0  0  17/27  18:21   6:49   0:00 
Ryan Smyth               0  1  1   1  5   2  0  0  0  1  0/0     7:59   0:00   0:00 
Sergei Gonchar           0  0  0   1  0   0  0  1  1  0  0/0    19:50   7:01   0:28 
Shane O'Brien            1  0  1  -1  0   2  1  1  0  0  0/0    15:45   0:00   3:25 
Tim Ramholt              0  0  0   1  0   0  2  1  0  0  0/0    11:54   0:00   0:00 

3 Stars

1 - Gilbert Brule (Ott)
2 - Andrew Ladd (Col)
3 - Kurtis Foster (Ott)

Power Play

Senateurs - 0 on 4 Attempt(s) - 0,00%
Avalanche - 0 on 7 Attempt(s) - 0,00%

Penalty Kill

Senateurs - 7 on 7 Attempt(s) - 100,00% - Score 0 goal in Penalty Kill
Avalanche - 4 on 4 Attempt(s) - 100,00% - Score 0 goal in Penalty Kill

Team Stat

Senateurs - Hits : 23 - Faceoff Wins : 24 - Blocked Shots : 12 - Penalty Minutes : 19
Avalanche - Hits : 22 - Faceoff Wins : 40 - Blocked Shots : 10 - Penalty Minutes : 13

Official

Referees : Martell Rob and Rehman Kyle
Linesman : Lonnie Cameron and Steve Miller

Game Notes

6:15 of 1st period - Senateurs goal is going for a video replay. After video review, Goal.
Andrew Ebbett is injured at 10:17 of 2nd period (Torn Right Knee Ligaments)
Ryan Smyth beats up Michal Grosek at 5:26 of 3rd period

Finance

Level 1 -- Attendance: 6000 (100,00%) -- Ticket Income 504 000 $
Level 2 -- Attendance: 4616 (92,32%) -- Ticket Income 230 800 $
Level 3 -- Attendance: 2000 (100,00%) -- Ticket Income 56 000 $
Level 4 -- Attendance: 4000 (100,00%) -- Ticket Income 72 000 $
Luxury Box -- Attendance: 946 (94,60%) -- Ticket Income 157 982 $
Game was played at the Pepsi Center.
Total Attendance: 17562 (97,57%)
Total Ticket Income: 1 020 782 $
Other Income: 153 117 $
Total Income: 1 173 899 $

Senateurs

5 vs 5 Forward 
   Center                   Left Wing                Right Wing               Time % Phy DF OF 
 1 Gilbert Brule            Darcy Hordichuk          Jean-Pierre Dumont       39     1   2  2  
 2 Daymond Langkow          Andy McDonald            Todd Bertuzzi            29     1   2  2  
 3 Andrew Ebbett            Andy Hilbert             B.J. Crombeen            20     1   2  2  
 4 Olli Jokinen             Michal Grosek            Ales Kotalik             12     1   2  2  

5 vs 5 Defense 
   Defense                  Defense                                           Time % Phy DF OF 
 1 Vitaly Vishnevsky        Kurtis Foster                                     40     1   2  2  
 2 Carlo Colaiacovo         Dan Girardi                                       30     1   2  2  
 3 Vladimir Mihalik         Richard Lintner                                   20     1   2  2  
 4 Vitaly Vishnevsky        Kurtis Foster                                     10     1   2  2  

PowerPlay Forward 
   Center                   Left Wing                Right Wing               Time % Phy DF OF 
 1 Gilbert Brule            Darcy Hordichuk          Jean-Pierre Dumont       60     0   2  3  
 2 Daymond Langkow          Andy McDonald            Todd Bertuzzi            40     0   2  3  

PowerPlay Defense
   Defense                  Defense                                           Time % Phy DF OF 
 1 Vitaly Vishnevsky        Kurtis Foster                                     60     1   2  2  
 2 Carlo Colaiacovo         Dan Girardi                                       40     1   2  2  

Penalty Kill 4 Players Forward 
   Center                   Wing                     Time % Phy DF OF 
 1 Gilbert Brule            Darcy Hordichuk          60     0   3  2  
 2 Jean-Pierre Dumont       Todd Bertuzzi            40     0   3  2  

Penalty Kill 4 Players Defense
   Defense                  Defense                  Time % Phy DF OF 
 1 Vitaly Vishnevsky        Kurtis Foster            60     1   2  2  
 2 Carlo Colaiacovo         Dan Girardi              40     1   2  2  

Penalty Kill - 3 Players Forward 
   Forward                                           Time % Phy DF OF 
 1 Gilbert Brule                                     60     0   3  2  
 2 Darcy Hordichuk                                   40     0   3  2  

Penalty Kill - 3 Players Defense
   Defense                  Defense                  Time % Phy DF OF 
 1 Vitaly Vishnevsky        Kurtis Foster            60     1   2  2  
 2 Carlo Colaiacovo         Dan Girardi              40     1   2  2  

4 vs 4 Forward 
   Center                   Wing                     Time % Phy DF OF 
 1 Gilbert Brule            Darcy Hordichuk          60     1   2  2  
 2 Jean-Pierre Dumont       Todd Bertuzzi            40     1   2  2  

4 vs 4 Defense
   Defense                  Defense                  Time % Phy DF OF 
 1 Vitaly Vishnevsky        Kurtis Foster            60     1   2  2  
 2 Carlo Colaiacovo         Dan Girardi              40     1   2  2  

Last Minutes Offensive
   Center                   Left Wing                Right Wing               Defense                  Defense                  
   Gilbert Brule            Darcy Hordichuk          Jean-Pierre Dumont       Vitaly Vishnevsky        Kurtis Foster            

Last Minutes Defensive
   Center                   Left Wing                Right Wing               Defense                  Defense                  
   Gilbert Brule            Darcy Hordichuk          Jean-Pierre Dumont       Vitaly Vishnevsky        Kurtis Foster            

Goaltenders
Starting : Marty Turco              
Backup : Ondrej Pavelec           

Extra Forwards
Normal : B.J. Crombeen, Andy Hilbert, Andrew Ebbett - PP : B.J. Crombeen, Andy Hilbert - PK : Andrew Ebbett
Extra Defensemen
Normal : Vladimir Mihalik, Richard Lintner, Carlo Colaiacovo - PP : Vladimir Mihalik - PK : Richard Lintner, Carlo Colaiacovo
Penalty Shots
Gilbert Brule, Darcy Hordichuk, Jean-Pierre Dumont, Todd Bertuzzi, Andy McDonald

Avalanche

5 vs 5 Forward 
   Center                   Left Wing                Right Wing               Time % Phy DF OF 
 1 Ryan Getzlaf             Andrei Kostitsyn         Corey Perry              35     1   2  2  
 2 Bryan Little             Mikkel Boedker           Jason Pominville         35     1   2  2  
 3 Mike Comrie              Ryan Smyth               Brandon Yip              20     1   2  2  
 4 Michal Handzus           Andrew Ladd              Chuck Kobasew            10     1   2  2  

5 vs 5 Defense 
   Defense                  Defense                                           Time % Phy DF OF 
 1 Marc Staal               Jack Johnson                                      40     1   2  2  
 2 Shane O'Brien            Pernell Karl Subban                               35     1   2  2  
 3 Sergei Gonchar           Tim Ramholt                                       25     1   2  2  
 4 Marc Staal               Jack Johnson                                      0      1   2  2  

PowerPlay Forward 
   Center                   Left Wing                Right Wing               Time % Phy DF OF 
 1 Ryan Getzlaf             Andrei Kostitsyn         Corey Perry              60     1   2  2  
 2 Bryan Little             Mikkel Boedker           Jason Pominville         40     1   2  2  

PowerPlay Defense
   Defense                  Defense                                           Time % Phy DF OF 
 1 Sergei Gonchar           Jack Johnson                                      60     1   2  2  
 2 Pernell Karl Subban      Marc Staal                                        40     1   2  2  

Penalty Kill 4 Players Forward 
   Center                   Wing                     Time % Phy DF OF 
 1 Mike Comrie              Chuck Kobasew            60     1   2  2  
 2 Michal Handzus           Andrew Ladd              40     1   2  2  

Penalty Kill 4 Players Defense
   Defense                  Defense                  Time % Phy DF OF 
 1 Marc Staal               Jack Johnson             60     1   2  2  
 2 Shane O'Brien            Pernell Karl Subban      40     1   2  2  

Penalty Kill - 3 Players Forward 
   Forward                                           Time % Phy DF OF 
 1 Mike Comrie                                       60     1   2  2  
 2 Jason Pominville                                  40     1   2  2  

Penalty Kill - 3 Players Defense
   Defense                  Defense                  Time % Phy DF OF 
 1 Marc Staal               Jack Johnson             60     1   2  2  
 2 Shane O'Brien            Pernell Karl Subban      40     1   2  2  

4 vs 4 Forward 
   Center                   Wing                     Time % Phy DF OF 
 1 Corey Perry              Jason Pominville         60     1   2  2  
 2 Ryan Smyth               Mike Comrie              40     1   2  2  

4 vs 4 Defense
   Defense                  Defense                  Time % Phy DF OF 
 1 Marc Staal               Jack Johnson             60     1   2  2  
 2 Shane O'Brien            Pernell Karl Subban      40     1   2  2  

Last Minutes Offensive
   Center                   Left Wing                Right Wing               Defense                  Defense                  
   Bryan Little             Andrei Kostitsyn         Corey Perry              Marc Staal               Jack Johnson             

Last Minutes Defensive
   Center                   Left Wing                Right Wing               Defense                  Defense                  
   Mike Comrie              Ryan Smyth               Jason Pominville         Marc Staal               Jack Johnson             

Goaltenders
Starting : Jimmy Howard             
Backup : Semyon Varlamov          

Extra Forwards
Normal : Ryan Getzlaf, Brandon Yip, Michal Handzus - PP : Ryan Getzlaf, Brandon Yip - PK : Michal Handzus
Extra Defensemen
Normal : Sergei Gonchar, Pernell Karl Subban, Shane O'Brien - PP : Sergei Gonchar - PK : Pernell Karl Subban, Shane O'Brien
Penalty Shots
Corey Perry, Jason Pominville, Ryan Smyth, Mike Comrie, Bryan Little

% Time on Ice - Senateurs

Lines # - Real PCT - Wanted PCT - Time Play
Normal Forward
1 - 33% - 39% - 13:04
2 - 20% - 29% - 8:00
3 - 25% - 20% - 9:40
4 - 22% - 12% - 8:43
Normal Defense
1 - 42% - 40% - 16:30
2 - 31% - 30% - 12:20
3 - 24% - 20% - 9:24
4 - 3% - 10% - 1:13
PP Forward
1 - 57% - 60% - 4:30
2 - 43% - 40% - 3:26
PP Defense
1 - 59% - 60% - 4:40
2 - 41% - 40% - 3:16
PK Forward
1 - 72% - 60% - 8:11
2 - 28% - 40% - 3:10
PK Defense
1 - 66% - 60% - 7:30
2 - 34% - 40% - 3:51
PK3 Forward
1 - 88% - 60% - 1:07
2 - 12% - 40% - 0:09
PK3 Defense
1 - 58% - 60% - 0:44
2 - 42% - 40% - 0:32
44 Forward
1 - 100% - 60% - 0:34
2 - 0% - 40% - 0:00
44 Defense
1 - 100% - 60% - 0:34
2 - 0% - 40% - 0:00
Last Minute Offensive  - 0:00
Last Minute Defensive  - 0:00
Total
Forward - 60:34
Defense - 60:34

% Time on Ice - Avalanche

Lines # - Real PCT - Wanted PCT - Time Play
Normal Forward
1 - 29% - 35% - 11:17
2 - 33% - 35% - 13:01
3 - 21% - 20% - 8:26
4 - 17% - 10% - 6:43
Normal Defense
1 - 36% - 40% - 14:16
2 - 34% - 35% - 13:17
3 - 30% - 25% - 11:54
4 - 0% - 0% - 0:00
PP Forward
1 - 54% - 60% - 6:49
2 - 46% - 40% - 5:48
PP Defense
1 - 56% - 60% - 7:01
2 - 44% - 40% - 5:36
PK Forward
1 - 75% - 60% - 5:56
2 - 25% - 40% - 2:00
PK Defense
1 - 51% - 60% - 4:03
2 - 49% - 40% - 3:53
PK3 Forward
1 - 0% - 60%
2 - 0% - 40%
PK3 Defense
1 - 0% - 60%
2 - 0% - 40%
44 Forward
1 - 100% - 60% - 0:34
2 - 0% - 40% - 0:00
44 Defense
1 - 100% - 60% - 0:34
2 - 0% - 40% - 0:00
Last Minute Offensive  - 0:00
Last Minute Defensive  - 0:00
Total
Forward - 60:34
Defense - 60:34

Play by Play

1st period


0:01 of 1st period - Gilbert Brule wins face-off versus Ryan Getzlaf in neutral zone.
0:29 of 1st period - Off-side.
0:30 of 1st period - Bryan Little wins face-off versus Daymond Langkow in neutral zone.
0:42 of 1st period - Icing by Andy McDonald.
0:43 of 1st period - Mike Comrie wins face-off versus Daymond Langkow in Senateurs zone.
0:54 of 1st period - Slapshot by Mike Comrie.
0:54 of 1st period - Shot Blocked by Todd Bertuzzi.
0:56 of 1st period - Snap shot by Ryan Smyth.
0:56 of 1st period - Stopped by Marty Turco with a rebound.
0:58 of 1st period - Wrist shot by Brandon Yip.
0:58 of 1st period - Shot Misses the Net.
1:32 of 1st period - Sergei Gonchar is hit by Richard Lintner.
1:42 of 1st period - Snap shot by Jason Pominville.
1:42 of 1st period - Stopped by Marty Turco without a rebound.
1:43 of 1st period - Ryan Getzlaf wins face-off versus Andy Hilbert in Senateurs zone.
1:50 of 1st period - Wrist shot by Andrei Kostitsyn.
1:50 of 1st period - Stopped by Marty Turco without a rebound.
1:51 of 1st period - Andrew Ebbett wins face-off versus Corey Perry in Senateurs zone.
1:53 of 1st period - Minor Penalty to Andy Hilbert for Roughing.
1:54 of 1st period - Ryan Getzlaf wins face-off versus Gilbert Brule in Senateurs zone.
2:00 of 1st period - Slapshot by Corey Perry.
2:00 of 1st period - Shot Misses the Net.
2:02 of 1st period - Backhand shot by Jack Johnson.
2:02 of 1st period - Stopped by Marty Turco with a rebound.
2:04 of 1st period - Slapshot by Jack Johnson.
2:04 of 1st period - Shot Blocked by Kurtis Foster.
2:06 of 1st period - Wrist shot by Ryan Getzlaf.
2:06 of 1st period - Shot Blocked by Kurtis Foster.
2:08 of 1st period - Slapshot by Corey Perry.
2:08 of 1st period - Stopped by Marty Turco with a rebound.
2:10 of 1st period - Snap shot by Corey Perry.
2:10 of 1st period - Shot Misses the Net.
2:54 of 1st period - Dan Girardi is hit by Mikkel Boedker and loses puck.
3:53 of 1st period - Penalty to Andy Hilbert is over, Andy Hilbert is back on ice.
4:11 of 1st period - Icing by Vladimir Mihalik.
4:12 of 1st period - Michal Handzus wins face-off versus Olli Jokinen in Senateurs zone.
4:13 of 1st period - Wrist shot by Andrew Ladd.
4:13 of 1st period - Shot Blocked by Vladimir Mihalik.
4:15 of 1st period - Snap shot by Chuck Kobasew.
4:15 of 1st period - Stopped by Marty Turco with a rebound.
4:19 of 1st period - Snap shot by Chuck Kobasew.
4:19 of 1st period - Shot Hit the Post.
5:08 of 1st period - Wrist shot by Jean-Pierre Dumont.
5:08 of 1st period - Stopped by Jimmy Howard without a rebound.
5:09 of 1st period - Bryan Little wins face-off versus Gilbert Brule in Avalanche zone.
5:18 of 1st period - Wrist shot by Bryan Little.
5:18 of 1st period - Shot Misses the Net.
5:22 of 1st period - Snap shot by Jason Pominville.
5:22 of 1st period - Deflect By Darcy Hordichuk.
5:22 of 1st period - Shot Misses the Net.
5:22 of 1st period - Puck is out of play.
5:23 of 1st period - Gilbert Brule wins face-off versus Ryan Getzlaf in Senateurs zone.
5:48 of 1st period - Jason Pominville is hit by Kurtis Foster and loses puck.
5:57 of 1st period - Wrist shot by Andrew Ebbett.
5:57 of 1st period - Stopped by Jimmy Howard with a rebound.
6:15 of 1st period - Snap shot by Andrew Ebbett.
6:15 of 1st period - Senateurs goal is going for a video replay.
6:15 of 1st period - The goal is good.
6:15 of 1st period - Goal by Andrew Ebbett - Senateurs : 1 - Avalanche : 0.
6:16 of 1st period - Ryan Getzlaf wins face-off versus Gilbert Brule in neutral zone.
6:21 of 1st period - Snap shot by Andrei Kostitsyn.
6:21 of 1st period - Shot Misses the Net.
6:29 of 1st period - Wrist shot by Darcy Hordichuk.
6:29 of 1st period - Stopped by Jimmy Howard without a rebound.
6:30 of 1st period - Gilbert Brule wins face-off versus Ryan Getzlaf in Avalanche zone.
6:33 of 1st period - Snap shot by Gilbert Brule.
6:33 of 1st period - Shot Misses the Net.
6:41 of 1st period - Gilbert Brule is hit by Andrei Kostitsyn and loses puck.
7:07 of 1st period - Brandon Yip is hit by Jean-Pierre Dumont and loses puck.
7:12 of 1st period - Snap shot by Jean-Pierre Dumont.
7:12 of 1st period - Stopped by Jimmy Howard without a rebound.
7:13 of 1st period - Bryan Little wins face-off versus Daymond Langkow in Avalanche zone.
7:17 of 1st period - Off-side.
7:18 of 1st period - Bryan Little wins face-off versus Daymond Langkow in neutral zone.
7:51 of 1st period - Snap shot by Andrei Kostitsyn.
7:51 of 1st period - Stopped by Marty Turco with a rebound.
8:48 of 1st period - Vladimir Mihalik is hit by Tim Ramholt and loses puck.
9:51 of 1st period - Snap shot by Jason Pominville.
9:51 of 1st period - Goal by Jason Pominville - Senateurs : 1 - Avalanche : 1.
9:52 of 1st period - Ryan Getzlaf wins face-off versus Gilbert Brule in neutral zone.
10:04 of 1st period - Wrist shot by Gilbert Brule.
10:04 of 1st period - Shot Misses the Net.
10:06 of 1st period - Wrist shot by Gilbert Brule.
10:06 of 1st period - Stopped by Jimmy Howard without a rebound.
10:07 of 1st period - Andy McDonald wins face-off versus Bryan Little in Avalanche zone.
10:18 of 1st period - Snap shot by Kurtis Foster.
10:18 of 1st period - Shot Blocked by Jack Johnson.
10:34 of 1st period - Andrei Kostitsyn is hit by Kurtis Foster and loses puck.
10:53 of 1st period - Slapshot by Vitaly Vishnevsky.
10:53 of 1st period - Stopped by Jimmy Howard with a rebound.
11:01 of 1st period - Andrew Ebbett is hit by Brandon Yip and loses puck.
11:14 of 1st period - Slapshot by Kurtis Foster.
11:14 of 1st period - Stopped by Jimmy Howard with a rebound.
11:16 of 1st period - Slapshot by Kurtis Foster.
11:16 of 1st period - Stopped by Jimmy Howard without a rebound.
11:17 of 1st period - Ryan Getzlaf wins face-off versus Olli Jokinen in Avalanche zone.
11:31 of 1st period - Carlo Colaiacovo is hit by Jack Johnson and loses puck.
12:12 of 1st period - Wrist shot by Daymond Langkow.
12:12 of 1st period - Deflect By Todd Bertuzzi.
12:12 of 1st period - Shot Blocked by Brandon Yip.
12:12 of 1st period - Puck is out of play.
12:13 of 1st period - Ryan Getzlaf wins face-off versus Andrew Ebbett in Avalanche zone.
12:45 of 1st period - Snap shot by Gilbert Brule.
12:45 of 1st period - Goal by Gilbert Brule - Senateurs : 2 - Avalanche : 1.
12:46 of 1st period - Mikkel Boedker wins face-off versus Daymond Langkow in neutral zone.
13:20 of 1st period - Snap shot by Jean-Pierre Dumont.
13:20 of 1st period - Shot Misses the Net.
13:22 of 1st period - Snap shot by Carlo Colaiacovo.
13:22 of 1st period - Shot Blocked by Pernell Karl Subban.
13:36 of 1st period - Marc Staal is hit by Carlo Colaiacovo and loses puck.
14:21 of 1st period - Snap shot by Jason Pominville.
14:21 of 1st period - Shot Misses the Net.
14:23 of 1st period - Snap shot by Jason Pominville.
14:23 of 1st period - Shot Blocked by Todd Bertuzzi.
14:25 of 1st period - Slapshot by Marc Staal.
14:25 of 1st period - Stopped by Marty Turco without a rebound.
14:26 of 1st period - Ryan Getzlaf wins face-off versus Gilbert Brule in Senateurs zone.
15:12 of 1st period - Slapshot by Brandon Yip.
15:12 of 1st period - Goal by Brandon Yip - Senateurs : 2 - Avalanche : 2.
15:13 of 1st period - Ryan Getzlaf wins face-off versus Darcy Hordichuk in neutral zone.
15:40 of 1st period - Vitaly Vishnevsky is hit by Mikkel Boedker and loses puck.
15:51 of 1st period - Andy McDonald is hit by Jack Johnson and loses puck.
16:06 of 1st period - Wrist shot by Andrew Ebbett.
16:06 of 1st period - Shot Misses the Net.
16:29 of 1st period - Ales Kotalik is hit by Michal Handzus and loses puck.
17:57 of 1st period - Vitaly Vishnevsky is hit by Andrew Ladd and loses puck.
18:04 of 1st period - Tim Ramholt is hit by Michal Grosek and loses puck.
18:13 of 1st period - Slapshot by Vitaly Vishnevsky.
18:13 of 1st period - Shot Blocked by Chuck Kobasew.
18:15 of 1st period - Snap shot by Michal Grosek.
18:15 of 1st period - Stopped by Jimmy Howard with a rebound.
18:17 of 1st period - Wrist shot by Olli Jokinen.
18:17 of 1st period - Stopped by Jimmy Howard with a rebound.
18:19 of 1st period - Wrist shot by Vitaly Vishnevsky.
18:19 of 1st period - Shot Blocked by Tim Ramholt.
19:39 of 1st period - Minor Penalty to Michal Grosek for Hooking.
19:40 of 1st period - Andrei Kostitsyn wins face-off versus Gilbert Brule in Senateurs zone.
Goals for this period are 2 for Senateurs vs 2 for Avalanche.
Shots for this period are 12 for Senateurs vs 10 for Avalanche.

2nd period


0:01 of 2nd period - Ryan Getzlaf wins face-off versus Gilbert Brule in neutral zone.
1:39 of 2nd period - Penalty to Michal Grosek is over, Michal Grosek is back on ice.
1:54 of 2nd period - Snap shot by Mike Comrie.
1:54 of 2nd period - Stopped by Marty Turco without a rebound.
1:55 of 2nd period - Andrew Ebbett wins face-off versus Mike Comrie in Senateurs zone.
2:19 of 2nd period - Minor Penalty to Andy McDonald for Holding.
2:20 of 2nd period - Gilbert Brule wins face-off versus Ryan Getzlaf in Senateurs zone.
2:28 of 2nd period - Slapshot by Jack Johnson.
2:28 of 2nd period - Stopped by Marty Turco with a rebound.
2:32 of 2nd period - Wrist shot by Ryan Getzlaf.
2:32 of 2nd period - Shot Misses the Net.
2:34 of 2nd period - Snap shot by Corey Perry.
2:34 of 2nd period - Shot Misses the Net.
2:36 of 2nd period - Slapshot by Ryan Getzlaf.
2:36 of 2nd period - Stopped by Marty Turco with a rebound.
3:14 of 2nd period - Andrei Kostitsyn is hit by Gilbert Brule.
3:38 of 2nd period - Snap shot by Dan Girardi.
3:38 of 2nd period - Stopped by Jimmy Howard without a rebound.
3:39 of 2nd period - Jason Pominville wins face-off versus Jean-Pierre Dumont in Avalanche zone.
3:54 of 2nd period - Sergei Gonchar is hit by Todd Bertuzzi.
4:19 of 2nd period - Penalty to Andy McDonald is over, Andy McDonald is back on ice.
4:26 of 2nd period - Gilbert Brule is hit by Pernell Karl Subban and loses puck.
4:35 of 2nd period - Snap shot by Mike Comrie.
4:35 of 2nd period - Deflect By Ryan Smyth.
4:35 of 2nd period - Stopped by Marty Turco without a rebound.
4:36 of 2nd period - Andrew Ladd wins face-off versus Andy Hilbert in Senateurs zone.
4:37 of 2nd period - Wrist shot by Michal Handzus.
4:37 of 2nd period - Shot Blocked by Vladimir Mihalik.
4:39 of 2nd period - Slapshot by Andrew Ladd.
4:39 of 2nd period - Deflect By Chuck Kobasew.
4:39 of 2nd period - Shot Hit the Post.
4:39 of 2nd period - Puck is out of play.
4:40 of 2nd period - Michal Handzus wins face-off versus Andrew Ebbett in Senateurs zone.
5:07 of 2nd period - Minor Penalty to Corey Perry for Interference.
5:08 of 2nd period - Darcy Hordichuk wins face-off versus Mike Comrie in Avalanche zone.
5:17 of 2nd period - Chuck Kobasew is hit by Gilbert Brule and loses puck.
5:24 of 2nd period - Wrist shot by Gilbert Brule.
5:24 of 2nd period - Stopped by Jimmy Howard with a rebound.
5:40 of 2nd period - Mike Comrie is hit by Andy McDonald and loses puck.
6:04 of 2nd period - Darcy Hordichuk is hit by Pernell Karl Subban and loses puck.
7:07 of 2nd period - Penalty to Corey Perry is over, Corey Perry is back on ice.
7:40 of 2nd period - Snap shot by Ales Kotalik.
7:40 of 2nd period - Stopped by Jimmy Howard with a rebound.
8:04 of 2nd period - Tim Ramholt is hit by Vladimir Mihalik and loses puck.
8:15 of 2nd period - Richard Lintner is hit by Bryan Little.
8:49 of 2nd period - Wrist shot by Michal Handzus.
8:49 of 2nd period - Deflect By Bryan Little.
8:49 of 2nd period - Stopped by Marty Turco with a rebound.
9:45 of 2nd period - Backhand shot by Vitaly Vishnevsky.
9:45 of 2nd period - Shot Misses the Net.
10:06 of 2nd period - Andrew Ladd is hit by Andrew Ebbett.
10:16 of 2nd period - Andrew Ebbett is hit by Andrew Ladd and loses puck.
10:17 of 2nd period - Andrew Ebbett from Senateurs is injured at 10:17 of 2nd period (Torn Right Knee Ligaments).
10:18 of 2nd period - Bryan Little wins face-off versus Gilbert Brule in Senateurs zone.
10:23 of 2nd period - Snap shot by Mikkel Boedker.
10:23 of 2nd period - Shot Misses the Net.
10:41 of 2nd period - Minor Penalty to Darcy Hordichuk for Hooking.
10:42 of 2nd period - Andy Hilbert wins face-off versus Ryan Getzlaf in Senateurs zone.
12:41 of 2nd period - Penalty to Darcy Hordichuk is over, Darcy Hordichuk is back on ice.
12:54 of 2nd period - Ales Kotalik is hit by Chuck Kobasew and loses puck.
13:14 of 2nd period - Minor Penalty to Vladimir Mihalik for Holding.
13:15 of 2nd period - Ryan Getzlaf wins face-off versus Gilbert Brule in Senateurs zone.
13:57 of 2nd period - Minor Penalty to Vitaly Vishnevsky for Interference.
13:58 of 2nd period - Ryan Getzlaf wins face-off versus Gilbert Brule in Senateurs zone.
14:09 of 2nd period - Snap shot by Andrei Kostitsyn.
14:09 of 2nd period - Shot Misses the Net.
14:31 of 2nd period - Slapshot by Jason Pominville.
14:31 of 2nd period - Stopped by Marty Turco without a rebound.
14:32 of 2nd period - Ryan Getzlaf wins face-off versus Gilbert Brule in Senateurs zone.
15:14 of 2nd period - Penalty to Vladimir Mihalik is over, Vladimir Mihalik is back on ice.
15:57 of 2nd period - Penalty to Vitaly Vishnevsky is over, Vitaly Vishnevsky is back on ice.
16:19 of 2nd period - Minor Penalty to Pernell Karl Subban for Holding.
16:20 of 2nd period - Mike Comrie wins face-off versus Gilbert Brule in Avalanche zone.
16:29 of 2nd period - Jack Johnson is hit by Jean-Pierre Dumont and loses puck.
17:39 of 2nd period - Bryan Little is hit by Daymond Langkow and loses puck.
18:19 of 2nd period - Penalty to Pernell Karl Subban is over, Pernell Karl Subban is back on ice.
18:33 of 2nd period - Andy Hilbert is hit by Jason Pominville and loses puck.
18:48 of 2nd period - Minor Penalty to Bryan Little for Tripping.
18:49 of 2nd period - Chuck Kobasew wins face-off versus Gilbert Brule in Avalanche zone.
19:03 of 2nd period - Snap shot by Darcy Hordichuk.
19:03 of 2nd period - Stopped by Jimmy Howard with a rebound.
19:05 of 2nd period - Slapshot by Jean-Pierre Dumont.
19:05 of 2nd period - Stopped by Jimmy Howard without a rebound.
19:06 of 2nd period - Mike Comrie wins face-off versus Daymond Langkow in Avalanche zone.
19:39 of 2nd period - Snap shot by Andrew Ladd.
19:39 of 2nd period - Shot Misses the Net.
19:41 of 2nd period - Slapshot by Marc Staal.
19:41 of 2nd period - Stopped by Marty Turco without a rebound.
19:42 of 2nd period - Gilbert Brule wins face-off versus Mike Comrie in Senateurs zone.
19:42 of 2nd period - Gilbert Brule is hit by Jack Johnson.
Goals for this period are 0 for Senateurs vs 0 for Avalanche.
Shots for this period are 5 for Senateurs vs 7 for Avalanche.

3rd period


0:01 of 3rd period - Mike Comrie wins face-off versus Gilbert Brule in neutral zone.
0:01 of 3rd period - Mike Comrie is hit by Darcy Hordichuk.
0:07 of 3rd period - Wrist shot by Chuck Kobasew.
0:07 of 3rd period - Stopped by Marty Turco with a rebound.
0:13 of 3rd period - Marc Staal is hit by Kurtis Foster.
0:48 of 3rd period - Penalty to Bryan Little is over, Bryan Little is back on ice.
1:02 of 3rd period - Wrist shot by Andrei Kostitsyn.
1:02 of 3rd period - Stopped by Marty Turco without a rebound.
1:03 of 3rd period - Ryan Getzlaf wins face-off versus Daymond Langkow in Senateurs zone.
1:10 of 3rd period - Snap shot by Corey Perry.
1:10 of 3rd period - Stopped by Marty Turco without a rebound.
1:11 of 3rd period - Ryan Getzlaf wins face-off versus Daymond Langkow in Senateurs zone.
1:40 of 3rd period - Slapshot by Marc Staal.
1:40 of 3rd period - Deflect By Mikkel Boedker.
1:40 of 3rd period - Stopped by Marty Turco without a rebound.
1:41 of 3rd period - Gilbert Brule wins face-off versus Bryan Little in Senateurs zone.
1:43 of 3rd period - Minor Penalty to Gilbert Brule for Interference.
1:44 of 3rd period - Daymond Langkow wins face-off versus Ryan Getzlaf in Senateurs zone.
1:49 of 3rd period - Icing by Andrei Kostitsyn.
1:50 of 3rd period - Ryan Getzlaf wins face-off versus Daymond Langkow in Avalanche zone.
2:25 of 3rd period - Backhand shot by Jason Pominville.
2:25 of 3rd period - Stopped by Marty Turco without a rebound.
2:26 of 3rd period - Daymond Langkow wins face-off versus Ryan Getzlaf in Senateurs zone.
2:39 of 3rd period - Snap shot by Corey Perry.
2:39 of 3rd period - Shot Blocked by Darcy Hordichuk.
3:35 of 3rd period - Pernell Karl Subban is hit by Vitaly Vishnevsky and loses puck.
3:43 of 3rd period - Penalty to Gilbert Brule is over, Gilbert Brule is back on ice.
4:15 of 3rd period - Sergei Gonchar is hit by Ales Kotalik and loses puck.
4:23 of 3rd period - Icing by Kurtis Foster.
4:24 of 3rd period - Olli Jokinen wins face-off versus Ryan Getzlaf in Senateurs zone.
4:24 of 3rd period - Olli Jokinen is hit by Ryan Getzlaf.
4:30 of 3rd period - Slapshot by Kurtis Foster.
4:30 of 3rd period - Stopped by Jimmy Howard with a rebound.
4:32 of 3rd period - Snap shot by Ales Kotalik.
4:32 of 3rd period - Stopped by Jimmy Howard with a rebound.
4:34 of 3rd period - Slapshot by Olli Jokinen.
4:34 of 3rd period - Deflect By Sergei Gonchar.
4:34 of 3rd period - Shot Blocked by Sergei Gonchar.
4:34 of 3rd period - Puck is out of play.
4:35 of 3rd period - Ryan Getzlaf wins face-off versus Daymond Langkow in Avalanche zone.
4:56 of 3rd period - Bryan Little is hit by Darcy Hordichuk and loses puck.
5:13 of 3rd period - Snap shot by Michal Grosek.
5:13 of 3rd period - Stopped by Jimmy Howard without a rebound.
5:14 of 3rd period - Mike Comrie wins face-off versus Olli Jokinen in Avalanche zone.
5:26 of 3rd period - Ryan Smyth beats up Michal Grosek.
5:26 of 3rd period - Penalty to Ryan Smyth for Fighting.
5:26 of 3rd period - Penalty to Michal Grosek for Fighting.
5:27 of 3rd period - Gilbert Brule wins face-off versus Bryan Little in Avalanche zone.
5:47 of 3rd period - Minor Penalty to Mikkel Boedker for Hooking.
5:48 of 3rd period - Mike Comrie wins face-off versus Gilbert Brule in Avalanche zone.
6:38 of 3rd period - Pernell Karl Subban is hit by Gilbert Brule and loses puck.
7:02 of 3rd period - Icing by Gilbert Brule.
7:03 of 3rd period - Gilbert Brule wins face-off versus Mike Comrie in Senateurs zone.
7:47 of 3rd period - Penalty to Mikkel Boedker is over, Mikkel Boedker is back on ice.
7:58 of 3rd period - Backhand shot by Mikkel Boedker.
7:58 of 3rd period - Shot Misses the Net.
8:00 of 3rd period - Snap shot by Shane O'Brien.
8:00 of 3rd period - Shot Misses the Net.
8:08 of 3rd period - Slapshot by Andrew Ladd.
8:08 of 3rd period - Shot Blocked by B.J. Crombeen.
8:10 of 3rd period - Snap shot by Andrew Ladd.
8:10 of 3rd period - Stopped by Marty Turco with a rebound.
8:12 of 3rd period - Wrist shot by Mikkel Boedker.
8:12 of 3rd period - Stopped by Marty Turco with a rebound.
8:14 of 3rd period - Slapshot by Pernell Karl Subban.
8:14 of 3rd period - Stopped by Marty Turco with a rebound.
8:16 of 3rd period - Slapshot by Shane O'Brien.
8:16 of 3rd period - Goal by Shane O'Brien - Senateurs : 2 - Avalanche : 3.
8:17 of 3rd period - Ryan Getzlaf wins face-off versus Gilbert Brule in neutral zone.
8:20 of 3rd period - Gilbert Brule is hit by Jack Johnson.
8:46 of 3rd period - Slapshot by Jack Johnson.
8:46 of 3rd period - Shot Blocked by B.J. Crombeen.
8:48 of 3rd period - Snap shot by Marc Staal.
8:48 of 3rd period - Stopped by Marty Turco with a rebound.
8:50 of 3rd period - Snap shot by Bryan Little.
8:50 of 3rd period - Shot Blocked by Vitaly Vishnevsky.
8:52 of 3rd period - Wrist shot by Marc Staal.
8:52 of 3rd period - Shot Misses the Net.
9:06 of 3rd period - Slapshot by Vitaly Vishnevsky.
9:06 of 3rd period - Shot Blocked by Shane O'Brien.
9:08 of 3rd period - Wrist shot by Olli Jokinen.
9:08 of 3rd period - Stopped by Jimmy Howard without a rebound.
9:09 of 3rd period - Olli Jokinen wins face-off versus Mike Comrie in Avalanche zone.
9:10 of 3rd period - Snap shot by Ales Kotalik.
9:10 of 3rd period - Goal by Ales Kotalik - Senateurs : 3 - Avalanche : 3.
9:11 of 3rd period - Gilbert Brule wins face-off versus Ryan Getzlaf in neutral zone.
9:36 of 3rd period - Snap shot by Andy Hilbert.
9:36 of 3rd period - Goal by Andy Hilbert - Senateurs : 4 - Avalanche : 3.
9:37 of 3rd period - Bryan Little wins face-off versus Gilbert Brule in neutral zone.
10:11 of 3rd period - Slapshot by Dan Girardi.
10:11 of 3rd period - Stopped by Jimmy Howard with a rebound.
10:13 of 3rd period - Snap shot by Darcy Hordichuk.
10:13 of 3rd period - Shot Blocked by Jack Johnson.
10:15 of 3rd period - Slapshot by Dan Girardi.
10:15 of 3rd period - Deflect By Gilbert Brule.
10:15 of 3rd period - Stopped by Jimmy Howard without a rebound.
10:16 of 3rd period - Daymond Langkow wins face-off versus Bryan Little in Avalanche zone.
10:29 of 3rd period - Wrist shot by Andy McDonald.
10:29 of 3rd period - Stopped by Jimmy Howard with a rebound.
10:31 of 3rd period - Wrist shot by Dan Girardi.
10:31 of 3rd period - Shot Blocked by Jason Pominville.
11:15 of 3rd period - Chuck Kobasew is hit by Gilbert Brule and loses puck.
11:22 of 3rd period - Wrist shot by Andrew Ladd.
11:22 of 3rd period - Goal by Andrew Ladd - Senateurs : 4 - Avalanche : 4.
11:23 of 3rd period - Andrei Kostitsyn wins face-off versus Gilbert Brule in neutral zone.
11:25 of 3rd period - Off-side.
11:26 of 3rd period - Andrei Kostitsyn wins face-off versus Gilbert Brule in neutral zone.
11:38 of 3rd period - Off-side.
11:39 of 3rd period - Gilbert Brule wins face-off versus Ryan Getzlaf in neutral zone.
12:15 of 3rd period - Slapshot by Vitaly Vishnevsky.
12:15 of 3rd period - Stopped by Jimmy Howard with a rebound.
12:47 of 3rd period - Wrist shot by Chuck Kobasew.
12:47 of 3rd period - Stopped by Marty Turco without a rebound.
12:48 of 3rd period - Darcy Hordichuk wins face-off versus Michal Handzus in Senateurs zone.
13:15 of 3rd period - Andy McDonald is hit by Tim Ramholt and loses puck.
13:34 of 3rd period - Slapshot by Olli Jokinen.
13:34 of 3rd period - Stopped by Jimmy Howard with a rebound.
13:36 of 3rd period - Slapshot by Vitaly Vishnevsky.
13:36 of 3rd period - Shot Misses the Net.
13:38 of 3rd period - Snap shot by Ales Kotalik.
13:38 of 3rd period - Stopped by Jimmy Howard with a rebound.
13:40 of 3rd period - Slapshot by Vitaly Vishnevsky.
13:40 of 3rd period - Shot Misses the Net.
13:42 of 3rd period - Wrist shot by Vitaly Vishnevsky.
13:42 of 3rd period - Stopped by Jimmy Howard without a rebound.
13:43 of 3rd period - Andrei Kostitsyn wins face-off versus Darcy Hordichuk in Avalanche zone.
15:06 of 3rd period - Carlo Colaiacovo is hit by Shane O'Brien and loses puck.
15:33 of 3rd period - Wrist shot by Jason Pominville.
15:33 of 3rd period - Shot Blocked by Carlo Colaiacovo.
15:35 of 3rd period - Snap shot by Jason Pominville.
15:35 of 3rd period - Shot Blocked by Michal Grosek.
15:37 of 3rd period - Slapshot by Shane O'Brien.
15:37 of 3rd period - Stopped by Marty Turco with a rebound.
15:39 of 3rd period - Snap shot by Bryan Little.
15:39 of 3rd period - Shot Hit the Post.
15:41 of 3rd period - Wrist shot by Jason Pominville.
15:41 of 3rd period - Shot Misses the Net.
15:55 of 3rd period - Wrist shot by Bryan Little.
15:55 of 3rd period - Shot Misses the Net.
15:57 of 3rd period - Snap shot by Bryan Little.
15:57 of 3rd period - Stopped by Marty Turco without a rebound.
15:58 of 3rd period - Mike Comrie wins face-off versus Daymond Langkow in Senateurs zone.
16:36 of 3rd period - Wrist shot by Corey Perry.
16:36 of 3rd period - Stopped by Marty Turco with a rebound.
16:50 of 3rd period - Tim Ramholt is hit by Jean-Pierre Dumont and loses puck.
17:19 of 3rd period - Vladimir Mihalik is hit by Corey Perry and loses puck.
18:10 of 3rd period - Sergei Gonchar is hit by B.J. Crombeen and loses puck.
19:05 of 3rd period - Carlo Colaiacovo is hit by Brandon Yip.
Goals for this period are 2 for Senateurs vs 2 for Avalanche.
Shots for this period are 13 for Senateurs vs 15 for Avalanche.

Overtime #1


0:01 of 1st overtime period - Gilbert Brule wins face-off versus Jason Pominville in neutral zone.
0:12 of 1st overtime period - Wrist shot by Gilbert Brule.
0:12 of 1st overtime period - Shot Misses the Net.
0:14 of 1st overtime period - Snap shot by Gilbert Brule.
0:14 of 1st overtime period - Stopped by Jimmy Howard without a rebound.
0:15 of 1st overtime period - Gilbert Brule wins face-off versus Corey Perry in Avalanche zone.
0:24 of 1st overtime period - Wrist shot by Darcy Hordichuk.
0:24 of 1st overtime period - Shot Misses the Net.
0:26 of 1st overtime period - Snap shot by Gilbert Brule.
0:26 of 1st overtime period - Shot Misses the Net.
0:28 of 1st overtime period - Snap shot by Darcy Hordichuk.
0:28 of 1st overtime period - Stopped by Jimmy Howard without a rebound.
0:29 of 1st overtime period - Gilbert Brule wins face-off versus Corey Perry in Avalanche zone.
0:32 of 1st overtime period - Wrist shot by Gilbert Brule.
0:32 of 1st overtime period - Shot Blocked by Corey Perry.
0:34 of 1st overtime period - Snap shot by Darcy Hordichuk.
0:34 of 1st overtime period - Goal by Darcy Hordichuk - Senateurs : 5 - Avalanche : 4.
Goals for this period are 1 for Senateurs vs 0 for Avalanche.
Shots for this period are 3 for Senateurs vs 0 for Avalanche.